 Dungeon Crawl Stone Soup version 0.28.0-45-g0d030f2227 (webtiles) character file.

Game seed: 2992747455821765358

7659 zeratav the Cleaver (level 10, -5/91 HPs)
             Began as a Minotaur Berserker on Apr 2, 2022.
             Was an Elder of Trog.
             Slain by a blink frog (10 damage)
             ... on level 1 of the Lair of Beasts.
             The game lasted 00:20:50 (8815 turns).

zeratav the Cleaver (Minotaur Berserker)            Turns: 8815, Time: 00:20:51

Health: -5/91      AC: 21    Str: 26    XL:     10   Next: 99%
Magic:  9/9        EV:  9    Int:  4    God:    Trog [****..]
Gold:   18         SH:  0    Dex: 13    Spells: 9/9 levels left

rFire   . . .      SeeInvis +   m - +6 mace of Spores {elec, Dex+3 SInv}
rCold   . . .      Faith    .   (no shield)
rNeg    . . .      Spirit   .   N - +0 plate armour
rPois   .          Reflect  .   (helmet restricted)
rElec   .          Harm     .   t - scarf {repulsion}
rCorr   .          Rampage  .   (no gloves)
Will    +....                   b - +1 pair of boots {Fly}
Stlth   ..........              y - amulet of the acrobat
HPRegen 0.25/turn               g - +4 ring of protection
MPRegen 0.11/turn               x - ring of willpower

@: marked, on berserk cooldown, flying, slowed, repel missiles, very slow
A: horns 2, retaliatory headbutt
a: Renounce Religion, Berserk, Trog's Hand, Brothers in Arms


You were on level 1 of the Lair of Beasts.
You worshipped Trog.
Trog was greatly pleased with you.
You visited 2 branches of the dungeon, and saw 11 of its levels.

You collected 618 gold pieces.
You spent 600 gold pieces at shops.

Inventory:

Hand Weapons
 m - the +6 mace of Spores (weapon) {elec, Dex+3 SInv}
   (You found it on level 4 of the Dungeon)

   It occasionally discharges a powerful burst of electricity upon striking a
   foe.
   Dex:       It affects your dexterity (+3).
   SInv:      It lets you see invisible.
 u - a +0 fustibalus
 D - a +4 war axe
Missiles
 o - 6 javelins (quivered)
Armour
 b - a +1 pair of boots of flying (worn)
 t - a scarf of repulsion (worn)
 K - a +0 leather armour of fire resistance
 N - a +0 plate armour (worn)
Jewellery
 g - a +4 ring of protection (left hand)
 h - a ring of protection from cold
 i - a +4 ring of protection
 x - a ring of willpower (right hand)
 y - an amulet of the acrobat (around neck)
 C - a ring of fire
 I - a +6 ring of intelligence
 M - a ring of fire
 O - a ring of protection from fire
Wands
 f - a wand of flame (3)
 J - a wand of digging (8)
Scrolls
 d - 3 scrolls of vulnerability {unknown}
 k - 5 scrolls of identify {unknown}
 r - a scroll of blinking {unknown}
 s - 4 scrolls of summoning {unknown}
 A - a scroll of noise {unknown}
 F - 4 scrolls of teleportation {unknown}
 G - a scroll of fear {unknown}
 H - a scroll of enchant weapon {unknown}
Potions
 a - a potion of resistance {unknown}
 c - 3 potions of berserk rage
 e - 3 potions of invisibility {unknown}
 j - a potion of ambrosia {unknown}
 l - a potion of lignification {unknown}
 n - 5 potions of curing
 p - 4 potions of attraction {unknown}
 q - 4 potions of haste {unknown}
 v - 5 potions of heal wounds {unknown}
 w - a potion of brilliance {unknown}
 z - 2 potions of flight {unknown}
 B - 2 potions of degeneration {unknown}
 E - 3 potions of mutation {unknown}
 L - 2 potions of might {unknown}


   Skills:
 + Level 9.2 Fighting
 + Level 12.0(13.2) Axes
 + Level 8.9(11.7) Maces & Flails
 + Level 10.5 Armour
 + Level 4.2 Dodging
 + Level 1.8 Stealth


You had 9 spell levels left.
You didn't know any spells.
Your spell library was empty.

Dungeon Overview and Level Annotations

Branches:
Dungeon (10/15)            Temple (0/1) D:4            Lair (1/6) D:10
    Orc (0/2) D:9

Altars:
Ashenzari
Cheibriados
Dithmenos
Makhleb
Uskayaw
Yredelemnul
Zin

Shops:
D:1 *   D:9 !   D:10 =

Annotations:
D:4 3 runed translucent doors, RascalDebosk's ghost, amateur MiFi
D:9 3 runed translucent doors, issech's ghost, journeyman TrMo


Innate Abilities, Weirdness & Mutations

You have a pair of horns on your head.
You reflexively headbutt those who attack you in melee.


Message History

Trog accepts your kill.
The blink frog blinks!
The seven-headed hydra bites you.
The seven-headed hydra bites you but does no damage.
The seven-headed hydra bites you!
The seven-headed hydra bites you but does no damage.
The seven-headed hydra bites you.
The seven-headed hydra bites you but does no damage. x2
Your base Axes skill increases to level 12!
You bludgeon the blink frog!!
You kill the blink frog!
Trog accepts your kill.
A bullfrog comes into view.
You hit the seven-headed hydra.
Lightning courses through the seven-headed hydra!!
The seven-headed hydra is moderately wounded.
You are no longer berserk.
You are exhausted.
You feel yourself slow down.
A bullfrog comes into view.
The seven-headed hydra bites you.
The seven-headed hydra bites you but does no damage. x2
The seven-headed hydra bites you.
The seven-headed hydra bites you but does no damage.
The seven-headed hydra barely misses you.
The seven-headed hydra bites you but does no damage.
You sock the seven-headed hydra!
The seven-headed hydra is heavily wounded.
The seven-headed hydra bites you. x2; The seven-headed hydra bites you!
* * * LOW HITPOINT WARNING * * *
The seven-headed hydra bites you but does no damage. x2
The seven-headed hydra bites you.
* * * LOW HITPOINT WARNING * * *
The seven-headed hydra bites you!
* * * LOW HITPOINT WARNING * * *
You sock the bullfrog!
Lightning courses through the bullfrog!!
You kill the bullfrog!
Trog accepts your kill. The blink frog hits you!
You die...

.. .. . ... .
... #.#.. .
##.#.# ..
###..).# #.#
####.#.##F##F..#
#....#.##†@D.#
#....#.##†##.#
.. #..#.#.##.#
#..#
#..#...##.##...#
#..#...##....#
#.........#..#
#..#...#...#.#
#......#..##...
#....#.##....#.#


You could see a seven-headed hydra and 2 blink frogs.

Vanquished Creatures
  A two-headed ogre (D:10)
  3 cane toads (Lair:1)
  Maggie (D:8)
  Prince Ribbit (D:6)
  A troll (D:9)
  3 blink frogs (Lair:1)
  Sigmund (D:6)
  4 yaks (Lair:1)
  A basilisk (Lair:1)
  An acid dragon (D:9)
  3 wargs (D:10)
  3 water moccasins
  3 orc warriors
  A necrophage (D:5)
  2 black bears
  A sky beast (D:5)
  3 ogres
  2 centaurs
  2 kobold brigands
  5 bullfrogs
  Blork the orc (D:6)
  A gnoll sergeant (D:7)
  A wyvern zombie (D:9)
  2 scorpions
  A water moccasin zombie (D:5)
  9 wights
  3 howler monkeys
  2 centaur zombies
  A bullfrog zombie (D:5)
  2 hounds
  3 bullfrog skeletons
  5 orc priests
  Crazy Yiuf (D:2)
  A centaur skeleton (D:6)
  Jessica (D:3)
  7 orc wizards
  5 iguanas
  Natasha (thrice) (D:2)
  A hound skeleton (D:4)
  2 howler monkey zombies
  4 gnolls
  5 adders
  2 shadow imps
  2 white imps
  2 adder zombies (D:5)
  An adder skeleton (D:4)
  A worm (D:2)
  16 orcs
  2 endoplasms
  A giant cockroach (D:4)
  7 goblins
  8 hobgoblins
  8 jackals
  11 kobolds
  A quokka (D:4)
  8 ball pythons
  2 bats (D:3)
  2 frilled lizards
  2 rats (D:2)
179 creatures vanquished.

Vanquished Creatures (others)
  An orc (D:8)
  3 fungi (D:9)
  2 plants
6 creatures vanquished.

Grand Total: 185 creatures vanquished

Notes
Turn   | Place    | Note
-------+----------+-------------------------------------------
     0 | D:1      | zeratav the Minotaur Berserker began the quest for the Orb.
     0 | D:1      | Reached XP level 1. HP: 19/19 MP: 0/0
     9 | D:1      | Found a faded altar of an unknown god.
   107 | D:1      | Reached skill level 4 in Axes
   269 | D:1      | Reached XP level 2. HP: 27/27 MP: 1/1
   528 | D:1      | Found Mutriyr's Assorted Antiques.
  1130 | D:2      | Reached XP level 3. HP: 32/33 MP: 2/2
  1240 | D:2      | Reached ** piety under Trog
  1336 | D:2      | You are sucked into a shaft and drop 2 floors!
  1351 | D:4      | Identified the +6 mace of Spores {elec, Dex+3 SInv}
  1558 | D:2      | Noticed Natasha
  1564 | D:2      | Killed Natasha
  1565 | D:2      | Reached XP level 4. HP: 41/41 MP: 3/3
  1697 | D:2      | Found a runed translucent door.
  1698 | D:2      | Noticed Crazy Yiuf
  1704 | D:2      | Killed Crazy Yiuf
  1757 | D:2      | Noticed Natasha
  1763 | D:2      | Killed Natasha
  1764 | D:2      | Reached skill level 5 in Axes
  1764 | D:2      | Reached skill level 1 in Maces & Flails
  1872 | D:2      | Noticed Natasha
  1876 | D:2      | Killed Natasha
  1877 | D:2      | Reached XP level 5. HP: 47/47 MP: 4/4
  1976 | D:3      | Noticed Jessica
  1981 | D:3      | Killed Jessica
  2236 | D:3      | Found a basalt altar of Yredelemnul.
  2244 | D:3      | Found a broken altar of Ashenzari.
  2626 | D:4      | Reached skill level 5 in Fighting
  2636 | D:4      | Found a runed translucent gate.
  2636 | D:4      | Found a runed translucent gate.
  2636 | D:4      | Found a runed translucent gate.
  2665 | D:4      | Noticed RascalDebosk's ghost (amateur MiFi)
  2836 | D:4      | Reached XP level 6. HP: 56/56 MP: 5/5
  2838 | D:4      | Reached skill level 1 in Stealth
  3068 | D:4      | Found a staircase to the Ecumenical Temple.
  3166 | D:4      | Reached *** piety under Trog
  3776 | D:5      | Entered Level 5 of the Dungeon
  3876 | D:5      | Noticed a water moccasin
  3881 | D:5      | Killed a water moccasin
  3882 | D:5      | Reached XP level 7. HP: 60/61 MP: 6/6
  3910 | D:5      | Reached skill level 5 in Armour
  3941 | D:5      | Reached skill level 5 in Maces & Flails
  4035 | D:5      | Reached XP level 8. HP: 52/70 MP: 7/7
  4386 | D:6      | Noticed Sigmund
  4394 | D:6      | Killed Sigmund
  4664 | D:6      | Noticed Blork the orc
  4673 | D:6      | Killed Blork the orc
  4915 | D:6      | Reached **** piety under Trog
  5176 | D:6      | Noticed Prince Ribbit
  5189 | D:6      | Killed Prince Ribbit
  5190 | D:6      | Reached skill level 6 in Axes
  5190 | D:6      | Reached XP level 9. HP: 69/78 MP: 8/8
  6076 | D:8      | Found a glowing silver altar of Zin.
  6076 | D:8      | Found a snail-covered altar of Cheibriados.
  6084 | D:8      | Found a burning altar of Makhleb.
  6087 | D:8      | Found a shadowy altar of Dithmenos.
  6091 | D:8      | Reached skill level 7 in Axes
  6102 | D:8      | Found a hide-covered altar of Uskayaw.
  6553 | D:8      | Noticed Maggie
  6568 | D:8      | Killed Maggie
  6569 | D:8      | Reached skill level 8 in Axes
  7582 | D:9      | Reached skill level 9 in Axes
  7656 | D:9      | Found a staircase to the Orcish Mines.
  7734 | D:9      | Found Ekuecat's Distillery.
  7789 | D:9      | Noticed a troll
  7795 | D:9      | Killed a troll
  7796 | D:9      | Reached XP level 10. HP: 75/88 MP: 9/9
  8011 | D:9      | Found a runed translucent gate.
  8011 | D:9      | Found a runed translucent gate.
  8011 | D:9      | Found a runed translucent gate.
  8036 | D:9      | Noticed issech's ghost (journeyman TrMo)
  8041 | D:9      | Found the +3 pair of gauntlets of War {Slay+5}
  8448 | D:10     | Entered Level 10 of the Dungeon
  8448 | D:10     | Found Utip's Jewellery Emporium.
  8451 | D:10     | Bought a ring of protection from cold for 300 gold pieces
  8451 | D:10     | Bought a ring of protection from fire for 300 gold pieces
  8455 | D:10     | Found a staircase to the Lair.
  8465 | D:10     | Noticed a two-headed ogre
  8474 | D:10     | Killed a two-headed ogre
  8475 | D:10     | Reached skill level 10 in Axes
  8679 | Lair:1   | Entered Level 1 of the Lair of Beasts
  8743 | Lair:1   | Noticed a cane toad
  8750 | Lair:1   | Killed a cane toad
  8751 | Lair:1   | Reached skill level 10 in Armour
  8785 | Lair:1   | Noticed a cane toad
  8794 | Lair:1   | Reached skill level 11 in Axes
  8794 | Lair:1   | Noticed a cane toad
  8797 | Lair:1   | Noticed a seven-headed hydra
  8802 | Lair:1   | Killed a cane toad
  8804 | Lair:1   | Killed a cane toad
  8812 | Lair:1   | Reached skill level 12 in Axes
  8814 | Lair:1   | HP: 4/91 [seven-headed hydra (12)]
  8815 | Lair:1   | Slain by a blink frog

Illustrated notes

Levels and vault maps discovered:
D:1:      matt_arrival_debris, layout_loops_ring, serial_shops, shop,
          ebering_ecumenical_altar_sacrificial, chequers_avenue
D:2:      layout_loops_ring, uniq_crazy_yiuf_cottage, uniq_natasha
D:3:      layout_loops_ring, jmf_multi_god_temple, serial_bayou,
          serial_bayou_ford_a, serial_bayou_pond_e, serial_bayou_shore_a,
          serial_bayou_shore_b, uniq_jessica
D:4:      minmay_door_path, layout_cave_pods, minmay_temple_entry_slanted,
          ebering_ghost_rock_garden, minmay_fractal_squares_5
D:5:      layout_rooms, minmay_circle_x
D:6:      layout_cave_pods, uniq_prince_ribbit1, uniq_blork_the_orc,
          uniq_sigmund
D:7:      layout_loops_cross
D:8:      layout_layer_cave, chequers_temple_overflow_minitemple, uniq_maggie
D:9:      layout_long_grid, orc_0_dummy, gammafunk_ghost_nasty_kobolds,
          serial_shops, shop
D:10:     layout_small_grid, erik_lair_orcish_takeover, nicolae_stop_n_shop_1,
          nicolae_shop_clearance, uniq_grum
Lair:1:   layout_long_grid, nicolae_volcano_entry_two_sided, grunt_megastairs_4

Skill      XL: |  1  2  3  4  5  6  7  8  9 10 |
---------------+-------------------------------+-----
Axes           | 4 5 6 9 12 | 12.0
Fighting       | 4 5 6 8 9 |  9.2
Armour         | 3 4 6 7 8 10 | 10.5
Maces & Flails | 1 2 4 6 8 |  8.9
Dodging        | 3 4 |  4.2
Stealth        | 1 |  1.8

Action                   |  1- 3 |  4- 6 |  7- 9 | 10-12 || total
-------------------------+-------+-------+-------+-------++-------
Melee: Hand axe          |    57 |       |       |       ||    57
       Headbutt          |     6 |     9 |    34 |    10 ||    59
       Mace              |     9 |    70 |    59 |     7 ||   145
       War axe           |       |       |   164 |    63 ||   227
       Punch             |       |       |     1 |     1 ||     2
Invok: Berserk           |       |     1 |     1 |     2 ||     4
       Trog's Hand       |       |       |     1 |       ||     1
 Stab: Sleeping          |     1 |       |       |       ||     1
Armor: Chain mail        |    22 |    43 |   128 |       ||   193
       Plate armour      |       |       |    11 |    68 ||    79
Dodge: Dodged            |    28 |    45 |   117 |    32 ||   222
       Repelled          |       |       |     1 |       ||     1
